TOP OF THE 1ST |
Mississippi Braves batting - Pitching for Tennessee Smokies : LHP Virgílio Beyfus
|
Pitching: LHP Virgílio Beyfus
|
|
Batting: RHB Hieronim Rutkowski
|
0-0: Foul Ball, location: 2F 0-1: Called Strike 0-2: Ball 1-2: Strikes out looking
|
Batting: LHB Sal Fernandez
|
0-0: Called Strike 0-1: Foul Ball, location: 2F 0-2: Ground out 6-3 (Groundball, 6S, EV 90.0 MPH)
|
Batting: RHB Erik Coleman
|
0-0: Ball 1-0: Ground out 6-3 (Groundball, 6S, EV 85.0 MPH)
|
Top of the 1st over - 0 runs, 0 hits, 0 errors, 0 left on base; Mississippi 0 - Tennessee 0 |
BOTTOM OF THE 1ST |
Tennessee Smokies batting - Pitching for Mississippi Braves : RHP Ryan DeMille
|
Pitching: RHP Ryan DeMille
|
|
Batting: RHB Eric Wiss
|
0-0: Ball 1-0: Ball 2-0: Foul Ball, location: 2F 2-1: Swinging Strike 2-2: Foul Ball, location: 2F 2-2: Foul Ball, location: 2F 2-2: Fly out, F7 (Flyball, 7LD, EV 110.6 MPH)
|
Batting: RHB Khalil Stephens
|
0-0: Ball 1-0: Ground out 5-3 (Groundball, 56, EV 108.8 MPH)
|
Batting: RHB Brad Santanello
|
0-0: Foul Ball, location: 2F 0-1: Called Strike 0-2: Ground out 5-3 (Groundball, 56S, EV 81.9 MPH)
|
Bottom of the 1st over - 0 runs, 0 hits, 0 errors, 0 left on base; Mississippi 0 - Tennessee 0 |
TOP OF THE 2ND |
Mississippi Braves batting - Pitching for Tennessee Smokies : LHP Virgílio Beyfus
|
Batting: RHB Jose Ramos
|
0-0: Foul Ball, location: 2F 0-1: Ball 1-1: SINGLE (Flyball, 5D, EV 87.5 MPH)
|
Batting: LHB Art D'Ascenzo
|
0-0: Called Strike 0-1: Foul Ball, location: 2F 0-2: Fly out, F1 (Line Drive, P, EV 67.5 MPH)
|
Batting: SHB Jose Melendez
|
0-0: Ball Wild Pitch! Jose Ramos to second 1-0: Swinging Strike 1-1: Swinging Strike 1-2: Strikes out swinging
|
Batting: RHB Yojiro Hayashi
|
0-0: Ground out 3-1 (Groundball, 34S, EV 81.9 MPH)
|
Top of the 2nd over - 0 runs, 1 hit, 0 errors, 1 left on base; Mississippi 0 - Tennessee 0 |
BOTTOM OF THE 2ND |
Tennessee Smokies batting - Pitching for Mississippi Braves : RHP Ryan DeMille
|
Batting: LHB Angel Oropeza
|
0-0: Called Strike 0-1: Ball 1-1: Fly out, F6 (Popup, 4, EV 65.6 MPH)
|
Batting: RHB David Barnard
|
0-0: SINGLE (Flyball, 8LS, EV 91.2 MPH)
|
Batting: RHB Ryan Walker
|
0-0: Ball David Barnard is caught stealing 2nd base 2-4 1-0: Swinging Strike 1-1: Swinging Strike 1-2: Strikes out looking
|
Bottom of the 2nd over - 0 runs, 1 hit, 0 errors, 0 left on base; Mississippi 0 - Tennessee 0 |
TOP OF THE 3RD |
Mississippi Braves batting - Pitching for Tennessee Smokies : LHP Virgílio Beyfus
|
Batting: RHB Alex Velasquez
|
0-0: Called Strike 0-1: Ball 1-1: Ground out 6-3 (Groundball, 6, EV 86.9 MPH)
|
Batting: RHB Adrian Billups
|
0-0: Ball 1-0: Foul Ball, location: 2F 1-1: Foul Ball, location: 2F 1-2: Ball 2-2: Ground out 5-3 (Groundball, 5, EV 91.2 MPH)
|
Batting: RHB Hieronim Rutkowski
|
0-0: Called Strike 0-1: Ball 1-1: Ball 2-1: Fly out, F7 (Flyball, 7LD, EV 96.2 MPH)
|
Top of the 3rd over - 0 runs, 0 hits, 0 errors, 0 left on base; Mississippi 0 - Tennessee 0 |
BOTTOM OF THE 3RD |
Tennessee Smokies batting - Pitching for Mississippi Braves : RHP Ryan DeMille
|
Batting: RHB Sam Sours
|
0-0: Called Strike 0-1: Called Strike 0-2: Strikes out looking
|
Batting: RHB Armando Vilano
|
0-0: Called Strike 0-1: Ball 1-1: Ball 2-1: SINGLE (Groundball, 6MD, EV 95.6 MPH)
|
Batting: RHB Jerry Blas
|
0-0: Foul Ball, location: 2F 0-1: Ball 1-1: Foul Ball, location: 2F 1-2: Fielders Choice at 2nd, 6-4 (Groundball, 6M, EV 78.8 MPH)
|
Batting: RHB Eric Wiss
|
0-0: Called Strike 0-1: Foul Ball, location: 2F 0-2: Ball 1-2: Strikes out swinging
|
Bottom of the 3rd over - 0 runs, 1 hit, 0 errors, 1 left on base; Mississippi 0 - Tennessee 0 |
TOP OF THE 4TH |
Mississippi Braves batting - Pitching for Tennessee Smokies : LHP Virgílio Beyfus
|
Batting: LHB Sal Fernandez
|
0-0: Ball 1-0: Fly out, F8 (Flyball, 8RD, EV 96.9 MPH)
|
Batting: RHB Erik Coleman
|
0-0: Called Strike 0-1: Foul Ball, location: 2F 0-2: SINGLE (Groundball, 6S, EV 95.6 MPH)
|
Batting: RHB Jose Ramos
|
0-0: Foul Ball, location: 2F 0-1: 2-RUN HOME RUN (Line Drive, 7D, EV 104.4 MPH), Distance : 385 ft
|
Batting: LHB Art D'Ascenzo
|
0-0: Ball 1-0: Foul Ball, location: 2F 1-1: Fly out, F7 (Flyball, 7, EV 81.2 MPH)
|
Batting: SHB Jose Melendez
|
0-0: Called Strike 0-1: Ground out 5-3 (Groundball, 56, EV 91.2 MPH)
|
Top of the 4th over - 2 runs, 2 hits, 0 errors, 0 left on base; Mississippi 2 - Tennessee 0 |
BOTTOM OF THE 4TH |
Tennessee Smokies batting - Pitching for Mississippi Braves : RHP Ryan DeMille
|
Batting: RHB Khalil Stephens
|
0-0: Ball 1-0: SINGLE (Line Drive, 34, EV 101.2 MPH)
|
Batting: RHB Brad Santanello
|
0-0: Ball 1-0: Foul Ball, location: 2F 1-1: Ball Khalil Stephens is caught stealing 2nd base 2-4 2-1: Foul Ball, location: 2F 2-2: Foul Ball, location: 2F 2-2: Foul Ball, location: 2F 2-2: DOUBLE (Line Drive, 89M, EV 94.4 MPH)
|
Batting: LHB Angel Oropeza
|
0-0: Ball 1-0: Ball 2-0: SINGLE (Groundball, 34D, EV 96.9 MPH) Brad Santanello to third Runner from 3rd tries for Home, SAFE, throw by RF to home Angel Oropeza to second
|
Batting: RHB David Barnard
|
0-0: Swinging Strike 0-1: Ground out 4-3 (Groundball, 4MD, EV 105.6 MPH) Angel Oropeza to third
|
Batting: RHB Ryan Walker
|
0-0: Ball 1-0: Foul Ball, location: 2F 1-1: SINGLE (Flyball, 8RS, EV 86.9 MPH) Angel Oropeza scores
|
Batting: RHB Sam Sours
|
0-0: Ball 1-0: Fielders Choice at 2nd, 5-4 (Groundball, 5, EV 90.0 MPH)
|
Bottom of the 4th over - 2 runs, 4 hits, 0 errors, 1 left on base; Mississippi 2 - Tennessee 2 |
TOP OF THE 5TH |
Mississippi Braves batting - Pitching for Tennessee Smokies : LHP Virgílio Beyfus
|
Batting: RHB Yojiro Hayashi
|
0-0: Ball 1-0: SINGLE (Groundball, 56D, EV 96.2 MPH)
|
Batting: RHB Alex Velasquez
|
0-0: Ball 1-0: Grounds into double play, U6-3 (Groundball, 4M, EV 109.4 MPH)
|
Batting: RHB Adrian Billups
|
0-0: Called Strike 0-1: Ball 1-1: Ball 2-1: Swinging Strike 2-2: Foul Ball, location: 2F 2-2: Fly out, F6 (Line Drive, 56, EV 70.0 MPH)
|
Top of the 5th over - 0 runs, 1 hit, 0 errors, 0 left on base; Mississippi 2 - Tennessee 2 |
BOTTOM OF THE 5TH |
Tennessee Smokies batting - Pitching for Mississippi Braves : RHP Ryan DeMille
|
Batting: RHB Armando Vilano
|
0-0: Ball 1-0: Swinging Strike 1-1: Foul Ball, location: 2F 1-2: Fly out, F9 (Flyball, 9D, EV 101.2 MPH)
|
Batting: RHB Jerry Blas
|
0-0: Called Strike 0-1: Ball 1-1: Ball 2-1: Foul Ball, location: 2F 2-2: Ground out 5-3 (Groundball, 56S, EV 81.2 MPH)
|
Batting: RHB Eric Wiss
|
0-0: Called Strike 0-1: Called Strike 0-2: Ball 1-2: Foul Ball, location: 2F 1-2: Foul Ball, location: 2F 1-2: Ball 2-2: Foul Ball, location: 2F 2-2: Foul Ball, location: 2F 2-2: Ball 3-2: Ground out 5-3 (Groundball, 5L, EV 83.8 MPH)
|
Bottom of the 5th over - 0 runs, 0 hits, 0 errors, 0 left on base; Mississippi 2 - Tennessee 2 |
TOP OF THE 6TH |
Mississippi Braves batting - Pitching for Tennessee Smokies : LHP Virgílio Beyfus
|
Batting: RHB Hieronim Rutkowski
|
0-0: Ball 1-0: Ball 2-0: Fly out, F7 (Flyball, 7LM, EV 83.1 MPH)
|
Batting: LHB Sal Fernandez
|
0-0: Called Strike 0-1: Swinging Strike 0-2: Ball 1-2: Strikes out swinging
|
Batting: RHB Erik Coleman
|
0-0: Foul Ball, location: 2F 0-1: Fly out, F8 (Flyball, 89D, EV 101.2 MPH)
|
Top of the 6th over - 0 runs, 0 hits, 0 errors, 0 left on base; Mississippi 2 - Tennessee 2 |
BOTTOM OF THE 6TH |
Tennessee Smokies batting - Pitching for Mississippi Braves : RHP Ryan DeMille
|
Batting: RHB Khalil Stephens
|
0-0: Called Strike 0-1: Ball 1-1: Foul Ball, location: 2F 1-2: Ball 2-2: Ball 3-2: Base on Balls
|
Batting: RHB Brad Santanello
|
0-0: Ball Khalil Stephens is caught stealing 2nd base 2-4 1-0: Foul Ball, location: 2F 1-1: Ball 2-1: Swinging Strike 2-2: Strikes out looking
|
Batting: LHB Angel Oropeza
|
0-0: Called Strike 0-1: SINGLE (Groundball, 4MS, EV 68.1 MPH) (infield hit)
|
Batting: RHB David Barnard
|
0-0: Called Strike 0-1: Called Strike Angel Oropeza is caught stealing 2nd base 2-4
|
Bottom of the 6th over - 0 runs, 1 hit, 0 errors, 0 left on base; Mississippi 2 - Tennessee 2 |
TOP OF THE 7TH |
Mississippi Braves batting - Pitching for Tennessee Smokies : LHP Virgílio Beyfus
|
Batting: RHB Jose Ramos
|
0-0: Foul Ball, location: 2F 0-1: SINGLE (Groundball, 13S, EV 65.0 MPH) (infield hit)
|
Batting: LHB Art D'Ascenzo
|
0-0: Swinging Strike 0-1: Fielders Choice at 2nd, 4-6 (Groundball, 4, EV 101.9 MPH)
|
Batting: SHB Jose Melendez
|
0-0: Called Strike 0-1: Ball 1-1: Grounds into double play, 5-4-3 (Groundball, 56S, EV 86.9 MPH)
|
Top of the 7th over - 0 runs, 1 hit, 0 errors, 0 left on base; Mississippi 2 - Tennessee 2 |
BOTTOM OF THE 7TH |
Tennessee Smokies batting - Pitching for Mississippi Braves : RHP Ryan DeMille
|
Batting: RHB David Barnard
|
0-0: Foul Ball, location: 2F 0-1: Ball 1-1: Ball 2-1: Fly out, F8 (Flyball, 89XD, EV 96.2 MPH)
|
Pitching: LHP Fred Kelly
|
|
Batting: RHB Ryan Walker
|
0-0: Ball 1-0: Ball 2-0: Ball 3-0: Called Strike 3-1: Foul Ball, location: 2F 3-2: Base on Balls
|
Batting: RHB Sam Sours
|
0-0: Called Strike 0-1: Ball 1-1: Fly out, F7 (Flyball, 78S, EV 91.2 MPH)
|
Batting: RHB Armando Vilano
|
0-0: Ball 1-0: Ground out U3 (Groundball, 3, EV 98.1 MPH)
|
Bottom of the 7th over - 0 runs, 0 hits, 0 errors, 1 left on base; Mississippi 2 - Tennessee 2 |
TOP OF THE 8TH |
Mississippi Braves batting - Pitching for Tennessee Smokies : LHP Virgílio Beyfus
|
Batting: RHB Yojiro Hayashi
|
0-0: Called Strike 0-1: Ground out 6-3 (Groundball, 6, EV 81.9 MPH)
|
Batting: RHB Alex Velasquez
|
0-0: Foul Ball, location: 2F 0-1: Swinging Strike 0-2: Strikes out swinging
|
Batting: RHB Adrian Billups
|
0-0: Called Strike 0-1: Called Strike 0-2: Strikes out looking
|
Top of the 8th over - 0 runs, 0 hits, 0 errors, 0 left on base; Mississippi 2 - Tennessee 2 |
BOTTOM OF THE 8TH |
Tennessee Smokies batting - Pitching for Mississippi Braves : LHP Fred Kelly
|
Batting: RHB Jerry Blas
|
0-0: Called Strike 0-1: Called Strike 0-2: Ball 1-2: Ball 2-2: Fly out, F3 (Popup, 3SF, EV 85.0 MPH)
|
Batting: RHB Eric Wiss
|
0-0: Ground out 3-1 (Groundball, 34, EV 85.0 MPH)
|
Batting: RHB Khalil Stephens
|
0-0: Ball 1-0: Called Strike 1-1: Ground out 1-3 (Groundball, 15, EV 64.4 MPH)
|
Bottom of the 8th over - 0 runs, 0 hits, 0 errors, 0 left on base; Mississippi 2 - Tennessee 2 |
TOP OF THE 9TH |
Mississippi Braves batting - Pitching for Tennessee Smokies : LHP Virgílio Beyfus
|
Pitching: RHP Jorge Mora
|
|
Batting: RHB Hieronim Rutkowski
|
0-0: Called Strike 0-1: Ground out 6-3 (Groundball, 6, EV 82.5 MPH)
|
Batting: LHB Sal Fernandez
|
0-0: Foul Ball, location: 2F 0-1: Foul Ball, location: 2F 0-2: Ball 1-2: Ball 2-2: SINGLE (Groundball, 6MD, EV 100.0 MPH)
|
Batting: RHB Erik Coleman
|
0-0: Called Strike Sal Fernandez steals 2nd base (no throw) 0-1: Swinging Strike 0-2: Foul Ball, location: 2F 0-2: SINGLE (Groundball, 6MD, EV 105.6 MPH) Sal Fernandez to third Runner from 3rd tries for Home, SAFE, throw by CF to home
|
Batting: RHB Jose Ramos
|
0-0: Ball 1-0: Called Strike Erik Coleman steals 2nd base 1-1: Called Strike Erik Coleman steals 3rd base 1-2: Strikes out swinging
|
Batting: LHB Art D'Ascenzo
|
0-0: Ball 1-0: Ball 2-0: Swinging Strike 2-1: Ball 3-1: Base on Balls
|
Batting: SHB Jose Melendez
|
0-0: Called Strike 0-1: Ball 1-1: Called Strike 1-2: Ball 2-2: Strikes out swinging
|
Top of the 9th over - 1 run, 2 hits, 0 errors, 2 left on base; Mississippi 3 - Tennessee 2 |
BOTTOM OF THE 9TH |
Tennessee Smokies batting - Pitching for Mississippi Braves : LHP Fred Kelly
|
Pitching: RHP Omar Orosco
|
|
Now at 1B: Jose Garate
|
|
Now in LF: Erik Coleman
|
|
Now in RF: Luis Cruz
|
|
Batting: RHB Brad Santanello
|
0-0: Ball 1-0: Ball 2-0: Foul Ball, location: 2F 2-1: Foul Ball, location: 2F 2-2: Fly out, F3 (Popup, 3S, EV 75.6 MPH)
|
Batting: LHB Angel Oropeza
|
0-0: Ball 1-0: Ball 2-0: Fly out, F9 (Flyball, 89S, EV 91.9 MPH)
|
Batting: RHB David Barnard
|
0-0: Ball 1-0: Called Strike 1-1: Swinging Strike 1-2: Ball 2-2: Ball 3-2: Foul Ball, location: 2F 3-2: Foul Ball, location: 2F 3-2: Base on Balls
|
Batting: RHB Ryan Walker
|
0-0: Ball 1-0: Foul Ball, location: 2F 1-1: Ball 2-1: Swinging Strike 2-2: Ball 3-2: Foul Ball, location: 2F 3-2: Base on Balls David Barnard to second
|
Batting: RHB Sam Sours
|
0-0: Ball 1-0: Swinging Strike 1-1: Ball 2-1: Called Strike 2-2: Ground out 6-3 (Groundball, P, EV 88.8 MPH)
|
Bottom of the 9th over - 0 runs, 0 hits, 0 errors, 2 left on base; Mississippi 3 - Tennessee 2 |
|